MID
QUAD CITIES RIVER BANDITS @ BOWLING GREEN HOT RODS
06/25/2047
 
TOP OF THE 1ST
Quad Cities River Bandits batting - Pitching for Bowling Green Hot Rods : RHP Julio Trejo
Pitching: RHP Julio Trejo
Batting: RHB Matt Parker 0-0: Foul Ball, location: 2F
0-1: Ground out 5-3 (Groundball, 56S, EV 73.8 MPH)
Batting: RHB Adrian Martinelli 0-0: Ball
1-0: Foul Ball, location: 2F
1-1: Foul Ball, location: 2F
1-2: SINGLE (Line Drive, 89S, EV 101.9 MPH)
Batting: RHB Jose Leon 0-0: Ball
1-0: Foul Ball, location: 2F
1-1: DOUBLE (Flyball, 7D, EV 112.5 MPH)
Adrian Martinelli to third
Batting: RHB Bobby Larson 0-0: Ball
1-0: Ball
2-0: Ball
3-0: Called Strike
3-1: Base on Balls
Batting: LHB Danny Wolver 0-0: Ball
1-0: Foul Ball, location: 2F
1-1: Ball
2-1: Grounds into fielders choice 1-2 (Groundball, P, EV 69.4 MPH)
Jose Leon to third
Bobby Larson to second
Batting: RHB Alex Campos 0-0: Ball
1-0: Fielders Choice at 2nd, 5-4 (Groundball, 56, EV 86.9 MPH)
Top of the 1st over - 0 runs, 2 hits, 0 errors, 3 left on base; Quad Cities 0 - Bowling Green 0
BOTTOM OF THE 1ST
Bowling Green Hot Rods batting - Pitching for Quad Cities River Bandits : RHP David Toellner
Pitching: RHP David Toellner
Batting: RHB James Huddleston 0-0: Foul Ball, location: 2F
0-1: Ball
1-1: Ball
2-1: Foul Ball, location: 2F
2-2: Ball
3-2: Ground out 5-3 (Groundball, 56, EV 99.4 MPH)
Batting: RHB Alex Diaz 0-0: Called Strike
0-1: Ball
1-1: Swinging Strike
1-2: Ball
2-2: Foul Ball, location: 2F
2-2: Ball
3-2: Foul Ball, location: 2F
3-2: Foul Ball, location: 2F
3-2: Foul Ball, location: 2F
3-2: SINGLE (Groundball, 56D, EV 95.6 MPH)
Batting: LHB Rich Matthews 0-0: Called Strike
0-1: Foul Ball, location: 2F
0-2: Strikes out swinging
Batting: RHB Azedine Kirui 0-0: Swinging Strike
0-1: Swinging Strike
0-2: Ball
1-2: Foul Ball, location: 2F
1-2: Strikes out swinging
Bottom of the 1st over - 0 runs, 1 hit, 0 errors, 1 left on base; Quad Cities 0 - Bowling Green 0
TOP OF THE 2ND
Quad Cities River Bandits batting - Pitching for Bowling Green Hot Rods : RHP Julio Trejo
Batting: RHB Erik Smith 0-0: Swinging Strike
0-1: Ball
1-1: Ball
2-1: Foul Ball, location: 2F
2-2: Ball
3-2: Strikes out looking
Batting: RHB Reginald McDougall 0-0: Swinging Strike
0-1: Ball
1-1: Ball
2-1: Foul Ball, location: 2F
2-2: Foul Ball, location: 2F
2-2: Fly out, F6 (Popup, 4MS, EV 79.4 MPH)
Batting: RHB Kieron Clark 0-0: Swinging Strike
0-1: Ball
1-1: Ball
2-1: Called Strike
2-2: Foul Ball, location: 2F
2-2: Strikes out looking
Top of the 2nd over - 0 runs, 0 hits, 0 errors, 0 left on base; Quad Cities 0 - Bowling Green 0
BOTTOM OF THE 2ND
Bowling Green Hot Rods batting - Pitching for Quad Cities River Bandits : RHP David Toellner
Batting: RHB Antonio Pacheco 0-0: Ball
1-0: Swinging Strike
1-1: Called Strike
1-2: Ball
2-2: Ball
3-2: DOUBLE (Line Drive, 8LXD, EV 106.9 MPH)
Batting: LHB Sean Banks 0-0: Ball
1-0: Called Strike
1-1: Ball
2-1: Foul Ball, location: 2F
2-2: Fly out, F7 (Flyball, 78S, EV 95.0 MPH)
Batting: RHB John Downing 0-0: Ball
1-0: Ball
2-0: Ball
3-0: Base on Balls
Batting: RHB Eric Waugaman 0-0: Fielders Choice at 2nd, 4-6 (Groundball, 34, EV 86.9 MPH)
Antonio Pacheco to third
Batting: LHB Dan Hunt 0-0: Ball
Wild Pitch!
Antonio Pacheco scores
Eric Waugaman to second
1-0: Foul Ball, location: 2F
1-1: Called Strike
1-2: Ball
2-2: Strikes out swinging
Bottom of the 2nd over - 1 run, 1 hit, 0 errors, 1 left on base; Quad Cities 0 - Bowling Green 1
TOP OF THE 3RD
Quad Cities River Bandits batting - Pitching for Bowling Green Hot Rods : RHP Julio Trejo
Batting: RHB Matt Parker 0-0: Fly out, F7 (Flyball, 7D, EV 102.5 MPH)
Batting: RHB Adrian Martinelli 0-0: SINGLE (Groundball, 4MD, EV 97.5 MPH)
Batting: RHB Jose Leon 0-0: Ball
Adrian Martinelli steals 2nd base
1-0: Foul Ball, location: 2F
1-1: Ball
2-1: Foul Ball, location: 2F
2-2: Strikes out swinging
Batting: RHB Bobby Larson 0-0: 2-RUN HOME RUN (Flyball, 7D, EV 99.4 MPH), Distance : 388 ft
Batting: LHB Danny Wolver 0-0: Called Strike
0-1: Called Strike
0-2: Ball
1-2: Ball
2-2: Ball
3-2: Base on Balls
Batting: RHB Alex Campos 0-0: Ball
Danny Wolver steals 2nd base
1-0: Fly out, F8 (Flyball, 89M, EV 90.6 MPH)
Top of the 3rd over - 2 runs, 2 hits, 0 errors, 1 left on base; Quad Cities 2 - Bowling Green 1
BOTTOM OF THE 3RD
Bowling Green Hot Rods batting - Pitching for Quad Cities River Bandits : RHP David Toellner
Batting: RHB James Huddleston 0-0: Foul Ball, location: 2F
0-1: Ball
1-1: Foul Ball, location: 2F
1-2: Foul Ball, location: 2F
1-2: Ball
2-2: Ground out 4-3 (Groundball, 4, EV 83.8 MPH)
Batting: RHB Alex Diaz 0-0: Foul Ball, location: 2F
0-1: Foul Ball, location: 2F
0-2: Ball
1-2: Foul Ball, location: 2F
1-2: Ball
2-2: Ball
3-2: Foul Ball, location: 2F
3-2: Ground out 6-3 (Groundball, 6, EV 90.6 MPH)
Batting: LHB Rich Matthews 0-0: Called Strike
0-1: Ball
1-1: Foul Ball, location: 2F
1-2: Ball
2-2: Strikes out looking
Bottom of the 3rd over - 0 runs, 0 hits, 0 errors, 0 left on base; Quad Cities 2 - Bowling Green 1
TOP OF THE 4TH
Quad Cities River Bandits batting - Pitching for Bowling Green Hot Rods : RHP Julio Trejo
Batting: RHB Erik Smith 0-0: Ball
1-0: Foul Ball, location: 2F
1-1: Called Strike
1-2: Strikes out swinging
Batting: RHB Reginald McDougall 0-0: Ball
1-0: Swinging Strike
1-1: Called Strike
1-2: Ball
2-2: Ball
3-2: Foul Ball, location: 2F
3-2: Base on Balls
Batting: RHB Kieron Clark 0-0: Ball
1-0: Called Strike
Reginald McDougall steals 2nd base (no throw)
1-1: Ball
2-1: Ball
3-1: Foul Ball, location: 2F
3-2: Strikes out swinging
Batting: RHB Matt Parker 0-0: Ball
1-0: Ball
2-0: Ball
3-0: Called Strike
3-1: Foul Ball, location: 2F
3-2: Strikes out swinging
Top of the 4th over - 0 runs, 0 hits, 0 errors, 1 left on base; Quad Cities 2 - Bowling Green 1
BOTTOM OF THE 4TH
Bowling Green Hot Rods batting - Pitching for Quad Cities River Bandits : RHP David Toellner
Batting: RHB Azedine Kirui 0-0: Ball
1-0: Swinging Strike
1-1: Swinging Strike
1-2: SINGLE (Line Drive, 4D, EV 98.1 MPH)
Batting: RHB Antonio Pacheco 0-0: Ball
1-0: Ball
2-0: Ball
3-0: Base on Balls
Azedine Kirui to second
Batting: LHB Sean Banks 0-0: SINGLE (Groundball, 34D, EV 108.8 MPH)
Azedine Kirui to third
Antonio Pacheco to second
Batting: RHB John Downing 0-0: Ball
1-0: Grounds into fielders choice 1-2 (Groundball, 15, EV 68.8 MPH)
Antonio Pacheco to third
Sean Banks to second
Batting: RHB Eric Waugaman 0-0: Swinging Strike
0-1: Ball
Wild Pitch!
Antonio Pacheco scores
Sean Banks to third
John Downing to second
1-1: Ball
2-1: SINGLE (Groundball, 6, EV 96.2 MPH)
Sean Banks scores
John Downing to third
Runner from 3rd tries for Home, SAFE, throw by CF to home
Batting: LHB Dan Hunt 0-0: 2-RUN HOME RUN (Flyball, 9D, EV 98.8 MPH), Distance : 363 ft
Pitching: RHP Robin Yelland
Batting: RHB James Huddleston 0-0: Ball
1-0: Foul Ball, location: 2F
1-1: Ball
2-1: Swinging Strike
2-2: Ball
3-2: SINGLE (Groundball, 6MD, EV 98.1 MPH)
Batting: RHB Alex Diaz 0-0: Called Strike
0-1: Called Strike
0-2: Ball
Wild Pitch!
James Huddleston to second
1-2: Foul Ball, location: 2F
1-2: Ball
2-2: Foul Ball, location: 2F
2-2: Ball
3-2: Base on Balls
Batting: LHB Rich Matthews 0-0: Ball
1-0: Ball
2-0: Fly out, F7 (Flyball, 7D, EV 85.0 MPH)
Batting: RHB Azedine Kirui 0-0: Foul Ball, location: 2F
0-1: Ground out U3 (Groundball, 3, EV 90.6 MPH)
Bottom of the 4th over - 5 runs, 5 hits, 0 errors, 2 left on base; Quad Cities 2 - Bowling Green 6
TOP OF THE 5TH
Quad Cities River Bandits batting - Pitching for Bowling Green Hot Rods : RHP Julio Trejo
Batting: RHB Adrian Martinelli 0-0: Ground out 5-3 (Groundball, 56S, EV 67.5 MPH)
Batting: RHB Jose Leon 0-0: DOUBLE (Line Drive, 3D, EV 98.1 MPH)
Batting: RHB Bobby Larson 0-0: Ball
1-0: Foul Ball, location: 2F
1-1: Called Strike
1-2: Ball
2-2: Ball
3-2: Ground out 6-3 (Groundball, 6, EV 88.1 MPH)
Batting: LHB Danny Wolver 0-0: Called Strike
0-1: Foul Ball, location: 2F
0-2: Ball
1-2: Foul Ball, location: 2F
1-2: Ball
2-2: Strikes out swinging
Top of the 5th over - 0 runs, 1 hit, 0 errors, 1 left on base; Quad Cities 2 - Bowling Green 6
BOTTOM OF THE 5TH
Bowling Green Hot Rods batting - Pitching for Quad Cities River Bandits : RHP Robin Yelland
Batting: RHB Antonio Pacheco 0-0: Called Strike
0-1: Ball
1-1: Foul Ball, location: 2F
1-2: Ball
2-2: Foul Ball, location: 2F
2-2: Ball
3-2: Strikes out swinging, 2-3 out at first.
Batting: LHB Sean Banks 0-0: Ball
1-0: Foul Ball, location: 2F
1-1: Ball
2-1: Ground out 4-3 (Groundball, 4, EV 87.5 MPH)
Batting: RHB John Downing 0-0: Ball
1-0: Ground out 5-3 (Groundball, 5L, EV 83.1 MPH)
Bottom of the 5th over - 0 runs, 0 hits, 0 errors, 0 left on base; Quad Cities 2 - Bowling Green 6
TOP OF THE 6TH
Quad Cities River Bandits batting - Pitching for Bowling Green Hot Rods : RHP Julio Trejo
Batting: RHB Alex Campos 0-0: Called Strike
0-1: Called Strike
0-2: Ball
1-2: Foul Ball, location: 2F
1-2: Strikes out swinging
Batting: RHB Erik Smith 0-0: Called Strike
0-1: Foul Ball, location: 2F
0-2: Ball
1-2: Foul Ball, location: 2F
1-2: Strikes out swinging
Batting: RHB Reginald McDougall 0-0: Ball
1-0: Ball
2-0: Ball
3-0: Base on Balls
Pitching: LHP Chris Polite
Batting: RHB Kieron Clark 0-0: Foul Ball, location: 2F
0-1: Ball
1-1: Ball
2-1: Fielders Choice at 2nd, 6-4 (Groundball, 56, EV 81.9 MPH)
Top of the 6th over - 0 runs, 0 hits, 0 errors, 1 left on base; Quad Cities 2 - Bowling Green 6
BOTTOM OF THE 6TH
Bowling Green Hot Rods batting - Pitching for Quad Cities River Bandits : RHP Robin Yelland
Batting: RHB Eric Waugaman 0-0: Called Strike
0-1: Ball
1-1: Swinging Strike
1-2: Ball
2-2: Strikes out swinging
Batting: LHB Dan Hunt 0-0: Ball
1-0: Ball
2-0: Called Strike
2-1: Ball
3-1: Ground out 4-3 (Groundball, 34D, EV 101.2 MPH)
Batting: RHB James Huddleston 0-0: Ball
1-0: Ball
2-0: Ball
3-0: Foul Ball, location: 2F
3-1: Ground out U3 (Groundball, 34, EV 104.4 MPH)
Bottom of the 6th over - 0 runs, 0 hits, 0 errors, 0 left on base; Quad Cities 2 - Bowling Green 6
TOP OF THE 7TH
Quad Cities River Bandits batting - Pitching for Bowling Green Hot Rods : LHP Chris Polite
Batting: RHB Matt Parker 0-0: Called Strike
0-1: Foul Ball, location: 2F
0-2: Ball
1-2: Ball
2-2: Foul Ball, location: 2F
2-2: Ball
3-2: Strikes out swinging
Batting: RHB Adrian Martinelli 0-0: Ground out 6-3 (Groundball, 6MS, EV 84.4 MPH)
Batting: RHB Jose Leon 0-0: Called Strike
0-1: Foul Ball, location: 2F
0-2: Ball
1-2: Foul Ball, location: 2F
1-2: Foul Ball, location: 2F
1-2: SOLO HOME RUN (Flyball, 89XD, EV 99.4 MPH), Distance : 396 ft
Batting: RHB Bobby Larson 0-0: Called Strike
0-1: Foul Ball, location: 2F
0-2: Fly out, F3 (Popup, 3SF, EV 85.0 MPH)
Top of the 7th over - 1 run, 1 hit, 0 errors, 0 left on base; Quad Cities 3 - Bowling Green 6
BOTTOM OF THE 7TH
Bowling Green Hot Rods batting - Pitching for Quad Cities River Bandits : RHP Robin Yelland
Pitching: LHP T.J. Westover
Batting: RHB Alex Diaz 0-0: Called Strike
0-1: Ball
1-1: Swinging Strike
1-2: Ball
2-2: Foul Ball, location: 2F
2-2: Foul Ball, location: 2F
2-2: Ball
3-2: Strikes out looking
Batting: LHB Rich Matthews 0-0: Called Strike
0-1: Foul Ball, location: 2F
0-2: Strikes out looking
Batting: RHB Azedine Kirui 0-0: Swinging Strike
0-1: Ball
1-1: Foul Ball, location: 2F
1-2: Foul Ball, location: 2F
1-2: Ball
2-2: Ball
3-2: SINGLE (Groundball, 4MD, EV 108.8 MPH)
Batting: RHB Antonio Pacheco 0-0: SINGLE (Line Drive, 9S, EV 93.8 MPH)
Azedine Kirui to second
Batting: LHB Sean Banks 0-0: Fly out, F7 (Flyball, 78D, EV 95.0 MPH)
Bottom of the 7th over - 0 runs, 2 hits, 0 errors, 2 left on base; Quad Cities 3 - Bowling Green 6
TOP OF THE 8TH
Quad Cities River Bandits batting - Pitching for Bowling Green Hot Rods : LHP Chris Polite
Now at C: James Huddleston
Now at 2B: Dusty Camelli
Now at 3B: Eric Waugaman
Now in LF: Antonio Pacheco
Now in RF: Jesse Haddad
Batting: LHB Danny Wolver 0-0: Called Strike
0-1: Called Strike
0-2: Ball
1-2: Ball
2-2: Ball
3-2: Foul Ball, location: 2F
3-2: Fly out, F7 (Flyball, 7LSF, EV 81.9 MPH)
Batting: RHB Alex Campos 0-0: Foul Ball, location: 2F
0-1: Foul Ball, location: 2F
0-2: Strikes out swinging
Batting: RHB Erik Smith 0-0: Swinging Strike
0-1: Called Strike
0-2: Ball
1-2: Strikes out swinging
Top of the 8th over - 0 runs, 0 hits, 0 errors, 0 left on base; Quad Cities 3 - Bowling Green 6
BOTTOM OF THE 8TH
Bowling Green Hot Rods batting - Pitching for Quad Cities River Bandits : LHP T.J. Westover
Batting: RHB John Downing 0-0: Swinging Strike
0-1: Ball
1-1: Foul Ball, location: 2F
1-2: Ball
2-2: Strikes out swinging
Batting: RHB Eric Waugaman 0-0: Called Strike
0-1: Foul Ball, location: 2F
0-2: Ball
1-2: Foul Ball, location: 2F
1-2: Strikes out swinging
Batting: LHB Dan Hunt 0-0: Called Strike
0-1: Ball
1-1: Swinging Strike
1-2: Strikes out swinging
Bottom of the 8th over - 0 runs, 0 hits, 0 errors, 0 left on base; Quad Cities 3 - Bowling Green 6
TOP OF THE 9TH
Quad Cities River Bandits batting - Pitching for Bowling Green Hot Rods : LHP Chris Polite
Pitching: RHP David Espinosa
Batting: RHB Reginald McDougall 0-0: Ball
1-0: Ball
2-0: Foul Ball, location: 2F
2-1: Ball
3-1: Foul Ball, location: 2F
3-2: Ground out 5-3 (Groundball, 25, EV 81.9 MPH)
Batting: RHB Kieron Clark 0-0: Ball
1-0: Ground out 5-3 (Groundball, 56S, EV 70.0 MPH)
Batting: RHB Matt Parker 0-0: SINGLE (Groundball, 34D, EV 104.4 MPH)
Batting: RHB Adrian Martinelli 0-0: Fielders Choice at 2nd, 6-4 (Groundball, 6, EV 83.1 MPH)
Top of the 9th over - 0 runs, 1 hit, 0 errors, 1 left on base; Quad Cities 3 - Bowling Green 6
Thursday, December 15th , 2022 - OOTP Baseball 23.9 Build 102